 Dungeon Crawl Stone Soup version 0.24.1-11-gbbbb2193e6 (webtiles) character file.

Game seed: 7728036463046528796, levelgen mode: deterministic

82 Peloso the Shield-Bearer (level 4, -7/41 HPs)
             Began as a Gnoll Fighter on May 15, 2020.
             Mangled by an orc warrior
             ... wielding a +0 halberd
              (12 damage)
             ... on level 2 of the Dungeon.
             The game lasted 00:02:59 (1096 turns).

Peloso the Shield-Bearer (Gnoll Fighter)            Turns: 1096, Time: 00:02:59

Health: -7/41      AC: 11    Str: 25    XL:     4   Next: 43%
Magic:  5/5        EV:  9    Int: 10    God:
Gold:   64         SH: 11    Dex: 14    Spells: 5/5 levels left

rFire    . . .     SeeInvis .   a - +0 long sword
rCold    . . .     Gourm    .   c - +0 shield
rNeg     . . .     Faith    .   e - +0 scale mail
rPois    .         Spirit   .   (no helmet)
rElec    .         Reflect  .   j - +0 cloak
rCorr    .         Harm     .   (no gloves)
MR       .....                  (no boots)
Stlth    ..........             (no amulet)
HPRegen  0.53/turn              (no ring)
MPRegen  0.09/turn              (no ring)

@: mighty
A: distributed training, fangs 1, yellow scales 1, regeneration 1, wild magic 1,
strong nose
a: no special abilities


You were on level 2 of the Dungeon.
You were hungry.

You visited 1 branch of the dungeon, and saw 2 of its levels.

You collected 64 gold pieces.

Inventory:

Hand Weapons
 a - a +0 long sword (weapon)
 b - a +0 short sword of venom
Armour
 c - a +0 shield (worn)
 e - a +0 scale mail (worn)
 j - a +0 cloak (worn)
Scrolls
 g - a scroll of remove curse {unknown}
 h - a scroll of identify {unknown}
 i - a scroll of teleportation {unknown}
 k - 2 scrolls of enchant weapon {unknown}
Potions
 l - a potion of flight {unknown}
 m - a potion of resistance {unknown}
Comestibles
 f - 4 rations


   Skills:
 + Level 6.6 Fighting
 + Level 1.1 Short Blades
 + Level 4.6 Long Blades
 + Level 1.1 Axes
 + Level 1.1 Maces & Flails
 + Level 1.1 Polearms
 + Level 1.1 Staves
 + Level 1.1 Slings
 + Level 1.1 Bows
 + Level 1.1 Crossbows
 + Level 1.1 Throwing
 + Level 6.6 Armour
 + Level 1.1 Dodging
 + Level 1.1 Stealth
 + Level 6.6 Shields
 + Level 1.1 Unarmed Combat
 + Level 1.1 Spellcasting
 + Level 0.8 Conjurations
 + Level 0.8 Hexes
 + Level 0.8 Charms
 + Level 0.8 Summonings
 + Level 0.8 Necromancy
 + Level 0.8 Translocations
 + Level 0.8 Transmutations
 + Level 0.8 Fire Magic
 + Level 0.8 Ice Magic
 + Level 0.8 Air Magic
 + Level 0.8 Earth Magic
 + Level 0.8 Poison Magic
 + Level 1.2 Invocations
 + Level 1.1 Evocations


You had 5 spell levels left.
You didn't know any spells.
Your spell library was empty.

Dungeon Overview and Level Annotations

Branches:
Dungeon (2/15)

Altars:
Vehumet


Innate Abilities, Weirdness & Mutations

Your experience applies equally to all skills.
You have very sharp teeth.
Your uncanny sense of smell can sniff out nearby items.
You are partially covered in yellow scales. (AC +2)
Your natural rate of healing is unusually fast.
Your spells are a little harder to cast, but a little more powerful.


Message History

You slash the orc warrior!
The orc warrior is severely wounded.
The orc warrior completely misses you.
You hear some strange, mumbled words.
A puff of flame appears from out of thin air!
You block the puff of flame.
You closely miss the orc warrior.
The orc warrior is severely wounded.
The orc warrior hits you with a +0 halberd!
* * * LOW HITPOINT WARNING * * *
You hear some strange, mumbled words.
Something tries to affect you, but you resist.
You barely miss the orc warrior.
The orc warrior is severely wounded.
Something hits you but does no damage. You block the orc warrior's attack.
You slash the orc warrior!
The orc warrior is almost dead.
You block something's attack.
The orc warrior hits you with a +0 halberd!
You die...

#.......##.#######..
.....### #..####...# ∆
#.##...####......###
#.##..............÷.
#.###..#....##..#### .####
#.####.....####).#
_....##.#...o.#........###
.#.......o#########.#..)#.
.........@## #.......
.....##.#.<# ####....
..... #÷##.# ########..
#### #.##<..∆ ........#.
#.###### ........## #.#
........# ..# #.#######
... . ####


You could see an orc warrior.

Vanquished Creatures
  4 adders (D:2)
  A worm (D:2)
  3 dart slugs (D:1)
  2 leopard geckos (D:2)
  An orc (D:2)
  A giant cockroach (D:1)
  6 goblins
  4 hobgoblins
  3 kobolds
  A ball python (D:1)
  5 bats
  3 frilled lizards
  3 rats
37 creatures vanquished.

Notes
Turn   | Place    | Note
-------+----------+-------------------------------------------
     0 | D:1      | Peloso the Gnoll Fighter began the quest for the Orb.
     0 | D:1      | Reached XP level 1. HP: 23/23 MP: 1/1
   124 | D:1      | Reached XP level 2. HP: 29/29 MP: 2/2
   302 | D:1      | Reached XP level 3. HP: 33/35 MP: 3/3
   752 | D:2      | Found a radiant altar of Vehumet.
   807 | D:2      | Gained mutation: Your spells are a little harder to cast,
                  | but a little more powerful. [potion of mutation]
   807 | D:2      | Gained mutation: Your natural rate of healing is unusually
                  | fast. [potion of mutation]
   807 | D:2      | Gained mutation: You are partially covered in yellow
                  | scales. (AC +2) [potion of mutation]
   828 | D:2      | Reached skill level 1 in Invocations
   854 | D:2      | Reached skill level 1 in Short Blades
   854 | D:2      | Reached skill level 1 in Axes
   854 | D:2      | Reached skill level 1 in Maces & Flails
   854 | D:2      | Reached skill level 1 in Polearms
   854 | D:2      | Reached skill level 1 in Staves
   854 | D:2      | Reached skill level 1 in Slings
   854 | D:2      | Reached skill level 1 in Bows
   854 | D:2      | Reached skill level 1 in Crossbows
   854 | D:2      | Reached skill level 1 in Throwing
   854 | D:2      | Reached skill level 1 in Dodging
   854 | D:2      | Reached skill level 1 in Stealth
   854 | D:2      | Reached skill level 1 in Unarmed Combat
   854 | D:2      | Reached skill level 1 in Spellcasting
   854 | D:2      | Reached skill level 1 in Evocations
   854 | D:2      | Reached XP level 4. HP: 40/41 MP: 5/5
   988 | D:2      | Noticed an orc warrior
  1096 | D:2      | Mangled by an orc warrior

Levels and vault maps discovered:
D:1:      dpeg_arrival_shrine, layout_basic, serial_forest,
          infiniplex_forest_clump_C, infiniplex_forest_lined_corner,
          infiniplex_forest_clump_small, infiniplex_forest_straight_1,
          infiniplex_forest_end_2, infiniplex_forest_clump_C,
          infiniplex_forest_straight_2, infiniplex_forest_straight_5
D:2:      layout_rooms, lemuel_crystal_altar

Skill      XL: |  1  2  3 |
---------------+----------+-----
Invocations    | 1 |  1.2
Short Blades   | 1 |  1.1
Axes           | 1 |  1.1
Maces & Flails | 1 |  1.1
Polearms       | 1 |  1.1
Staves         | 1 |  1.1
Slings         | 1 |  1.1
Bows           | 1 |  1.1
Crossbows      | 1 |  1.1
Throwing       | 1 |  1.1
Dodging        | 1 |  1.1
Stealth        | 1 |  1.1
Unarmed Combat | 1 |  1.1
Spellcasting   | 1 |  1.1
Evocations     | 1 |  1.1
Fighting       | |  6.6
Long Blades    | |  4.6
Armour         | |  6.6
Shields        | |  6.6
Conjurations   | |  0.8
Hexes          | |  0.8
Charms         | |  0.8
Summonings     | |  0.8
Necromancy     | |  0.8
Translocations | |  0.8
Transmutations | |  0.8
Fire Magic     | |  0.8
Ice Magic      | |  0.8
Air Magic      | |  0.8
Earth Magic    | |  0.8
Poison Magic   | |  0.8

Action                   |  1- 3 |  4- 6 || total
-------------------------+-------+-------++-------
Melee: Long sword        |    70 |    29 ||    99
       Bite              |     9 |     1 ||    10
  Use: Potion            |     1 |     1 ||     2
Armor: Scale mail        |    36 |    20 ||    56
Dodge: Dodged            |    26 |    12 ||    38
Block: Shield            |    47 |    35 ||    82
       Rpst.: Long sword |     6 |     3 ||     9
